Blue Jackets vs Bruins
Created - January 20, 2023 at 21:11
Goals
|
Blue Jackets |
0 |
1 |
0 |
1 |
Bruins |
1 |
0 |
1 |
2 |
|
Shots
|
Blue Jackets |
8 |
12 |
10 |
30 |
Bruins |
6 |
4 |
9 |
19 |
|
1st period
1. Bruins , Jonathan Toews 10 (Wojtek Wolski 14, Zack Kassian 18) at 3:37
Penalties :
Mike Richards (Clb) for Cross-checking (Minor) at 4:49, Fabian Brunnstrom (Clb) for Roughing (Minor) at 11:58, Zach Parise (Bos) for Interference (Minor) at 16:19
2nd period
2. Blue Jackets , Sean Monahan 11 (Phil Kessel 17) at 14:48
Penalties :
Victor Oreskovich (Bos) for Roughing (Minor) at 5:25, Jake McCabe (Clb) for Roughing (Minor) at 9:49, Zack Kassian (Bos) for Hooking (Minor) at 15:10, Jonathan Toews (Bos) for Goalie Interference (Minor) at 18:35
3rd period
3. Bruins , Jonathan Toews 11 (Zack Kassian 19, Wojtek Wolski 15) at 12:44
Penalties :
Travis Hamonic (Clb) for Tripping (Minor) at 2:23, Brendan Smith (Bos) for Hooking (Minor) at 5:36, Gabriel Landeskog (Bos) for Tripping (Minor) at 8:24, Mikael Backlund (Bos) for High sticking (Minor) at 14:45, Matt Read (Bos) for Roughing (Minor) at 17:46
Goalie Stats
Cam Talbot (Clb), 17 saves from 19 shots - (0.895), L, 0-4-0, 60:00 minutes
Kevin Poulin (Bos), 29 saves from 30 shots - (0.967), W, 17-10-3, 60:00 minutes
Players Stats for Blue Jackets
Player Name G A P +/- PIM S H SB GA TA FO MP PP MP PK MP
------------------------------------------------------------------------------------
Ben Chiarot 0 0 0 -1 0 0 0 0 0 1 0/0 15:36 0:06 3:17
Bryce Lampman 0 0 0 1 0 0 0 1 0 0 0/0 9:53 0:00 0:39
Colton Parayko 0 0 0 -1 0 8 2 1 0 0 0/0 28:33 9:42 4:29
Fabian Brunnstrom 0 0 0 0 2 0 0 0 0 0 0/1 10:56 0:03 2:40
Jake McCabe 0 0 0 1 2 0 0 0 0 0 0/0 18:53 6:04 2:22
Jason Zucker 0 0 0 -1 0 0 0 0 0 0 0/0 17:05 6:59 1:07
Mike Richards 0 0 0 0 2 1 2 0 1 2 3/6 8:20 0:00 0:49
Mikko Rantanen 0 0 0 -1 0 1 0 0 0 0 1/2 17:17 6:59 0:00
Nicklas Backstrom 0 0 0 -1 0 2 1 0 1 0 16/26 19:10 8:53 0:23
Phil Kessel 0 1 1 1 0 3 0 0 1 0 2/3 17:59 8:53 0:00
Rickard Rakell 0 0 0 -1 0 1 3 0 0 0 1/1 17:11 6:04 0:00
Riley Sheahan 0 0 0 -1 0 1 1 0 0 1 0/0 13:14 0:00 4:06
Sean Monahan 1 0 1 1 0 6 2 0 0 0 3/5 19:27 6:59 2:50
Shea Theodore 0 0 0 -1 0 0 1 0 1 0 0/0 12:54 0:00 1:42
Teuvo Teravainen 0 0 0 1 0 2 4 1 0 0 0/1 17:56 8:50 0:00
Travis Hamonic 0 0 0 -1 2 5 3 3 0 0 0/0 27:05 9:48 3:23
Vince Hinostroza 0 0 0 0 0 0 0 0 1 0 0/0 7:32 0:00 0:00
William Karlsson 0 0 0 -1 0 0 2 1 0 0 3/8 12:59 0:00 3:57
Players Stats for Bruins
Player Name G A P +/- PIM S H SB GA TA FO MP PP MP PK MP
------------------------------------------------------------------------------------
Adam Pelech 0 0 0 0 0 0 0 0 0 0 0/0 3:13 0:00 0:21
Alex Petrovic 0 0 0 0 0 0 1 0 0 1 0/0 10:59 0:00 1:02
Brendan Smith 0 0 0 0 2 1 0 1 0 1 0/0 25:29 4:43 7:23
Casey Cizikas 0 0 0 0 0 2 0 0 1 0 1/3 11:43 0:05 1:36
Gabriel Landeskog 0 0 0 -1 2 0 4 1 0 0 2/2 19:19 3:42 5:12
Jason Demers 0 0 0 0 0 0 1 1 1 1 0/0 28:58 4:43 8:36
Jonathan Toews 2 0 2 2 2 4 1 0 0 0 12/20 18:03 4:09 3:55
Josh Manson 0 0 0 0 0 1 0 1 0 0 0/0 9:47 0:00 0:00
Kevin Hayes 0 0 0 -1 0 0 0 1 0 0 3/9 13:57 3:42 0:00
Madison Bowey 0 0 0 1 0 0 0 2 0 0 0/0 21:00 3:13 7:11
Matt Read 0 0 0 0 2 3 1 0 0 0 1/1 10:45 0:00 0:00
Mikael Backlund 0 0 0 0 2 0 1 0 0 0 2/6 9:09 0:00 3:12
Taylor Beck 0 0 0 0 0 0 1 0 0 1 0/0 6:28 0:00 1:00
Torey Krug 0 0 0 1 0 1 2 1 0 0 0/0 21:00 3:13 7:11
Victor Oreskovich 0 0 0 -1 2 0 3 0 0 0 0/0 13:56 3:42 0:00
Wojtek Wolski 0 2 2 2 0 3 2 1 0 0 0/0 23:21 4:05 8:59
Zach Parise 0 0 0 0 2 3 0 0 1 1 0/0 10:51 0:17 0:00
Zack Kassian 0 2 2 2 2 1 0 1 1 0 3/12 26:02 4:06 7:50
3 Stars
1 - Jonathan Toews (Bos)
2 - Kevin Poulin (Bos)
3 - Wojtek Wolski (Bos)
Power Play
Blue Jackets - 0 on 8 Attempt(s) - 0.00%
Bruins - 0 on 4 Attempt(s) - 0.00%
Penalty Kill
Blue Jackets - 4 on 4 Attempt(s) - 100.00%
- Score 0 goal in Penalty Kill
Bruins - 8 on 8 Attempt(s) - 100.00%
- Score 0 goal in Penalty Kill
Team Stat
Blue Jackets - Hits : 21 - Faceoff Wins : 29 - Blocked Shots : 7 - Penalty Minutes : 8
Bruins - Hits : 17 - Faceoff Wins : 24 - Blocked Shots : 10 - Penalty Minutes : 16
Official
Referees : Kevin Pollock and Brad Meier
Linesman : Trent Knorr and David Brisebois
Game Notes
No Game Note
Finance
Level 1 -- Attendance: 5689 (94.82%) -- Ticket Income $568,900
Level 2 -- Attendance: 4728 (94.56%) -- Ticket Income $283,680
Level 3 -- Attendance: 2000 (100.00%) -- Ticket Income $70,000
Level 4 -- Attendance: 3666 (91.65%) -- Ticket Income $91,650
Luxury Box -- Attendance: 927 (92.70%) -- Ticket Income $185,400
Game was played at the TD Garden.
Total Attendance: 17010 (94.50%)
Total Ticket Income: $1,199,630
Other Income: $179,944
Total Income: $1,379,574
Blue Jackets
5 vs 5 Forward
Center Left Wing Right Wing Time % Phy DF OF
1 Nicklas Backstrom Rickard Rakell Mikko Rantanen 33 0 1 4
2 Sean Monahan Teuvo Teravainen Phil Kessel 31 0 1 4
3 William Karlsson Jason Zucker Riley Sheahan 26 0 2 3
4 Mike Richards Fabian Brunnstrom Vince Hinostroza 10 1 3 1
5 vs 5 Defense
Defense Defense Time % Phy DF OF
1 Colton Parayko Travis Hamonic 40 1 2 2
2 Ben Chiarot Jake McCabe 30 1 2 2
3 Bryce Lampman Shea Theodore 20 1 2 2
4 Ben Chiarot Shea Theodore 10 1 2 2
PowerPlay Forward
Center Left Wing Right Wing Time % Phy DF OF
1 Nicklas Backstrom Teuvo Teravainen Phil Kessel 60 0 0 5
2 Sean Monahan Jason Zucker Mikko Rantanen 40 0 0 5
PowerPlay Defense
Defense Defense Time % Phy DF OF
1 Colton Parayko Travis Hamonic 60 0 1 4
2 Rickard Rakell Jake McCabe 40 0 1 4
Penalty Kill 4 Players Forward
Center Wing Time % Phy DF OF
1 William Karlsson Riley Sheahan 60 1 2 2
2 Sean Monahan Fabian Brunnstrom 40 1 2 2
Penalty Kill 4 Players Defense
Defense Defense Time % Phy DF OF
1 Colton Parayko Travis Hamonic 60 1 2 2
2 Ben Chiarot Jake McCabe 40 1 2 2
Penalty Kill - 3 Players Forward
Forward Time % Phy DF OF
1 William Karlsson 60 1 2 2
2 Sean Monahan 40 1 2 2
Penalty Kill - 3 Players Defense
Defense Defense Time % Phy DF OF
1 Colton Parayko Travis Hamonic 60 1 2 2
2 Bryce Lampman Jake McCabe 40 1 2 2
4 vs 4 Forward
Center Wing Time % Phy DF OF
1 Nicklas Backstrom Teuvo Teravainen 60 1 2 2
2 Sean Monahan Phil Kessel 40 1 2 2
4 vs 4 Defense
Defense Defense Time % Phy DF OF
1 Colton Parayko Travis Hamonic 60 1 2 2
2 Bryce Lampman Jake McCabe 40 1 2 2
Last Minutes Offensive
Center Left Wing Right Wing Defense Defense
Nicklas Backstrom Teuvo Teravainen Riley Sheahan Colton Parayko Travis Hamonic
Last Minutes Defensive
Center Left Wing Right Wing Defense Defense
Nicklas Backstrom Teuvo Teravainen Riley Sheahan Colton Parayko Travis Hamonic
Goaltenders
Starting : Cam Talbot
Backup : Michal Neuvirth
Extra Forwards
Normal : Fabian Brunnstrom, Rickard Rakell, Sean Monahan - PP : Fabian Brunnstrom, Rickard Rakell - PK : Sean Monahan
Extra Defensemen
Normal : Ben Chiarot, Shea Theodore, Bryce Lampman - PP : Ben Chiarot - PK : Shea Theodore, Bryce Lampman
Penalty Shots
Nicklas Backstrom, Teuvo Teravainen, Riley Sheahan, Jason Zucker, Mike Richards
Scratches
Zac Rinaldo (Healthy)
Bruins
5 vs 5 Forward
Center Left Wing Right Wing Time % Phy DF OF
1 Jonathan Toews Wojtek Wolski Zack Kassian 40 1 2 2
2 Kevin Hayes Gabriel Landeskog Victor Oreskovich 30 1 2 2
3 Casey Cizikas Zach Parise Matt Read 20 1 2 2
4 Mikael Backlund Taylor Beck Zack Kassian 10 1 2 2
5 vs 5 Defense
Defense Defense Time % Phy DF OF
1 Jason Demers Brendan Smith 40 1 2 2
2 Torey Krug Madison Bowey 30 1 2 2
3 Josh Manson Alex Petrovic 20 1 2 2
4 Adam Pelech Jason Demers 10 1 2 2
PowerPlay Forward
Center Left Wing Right Wing Time % Phy DF OF
1 Jonathan Toews Wojtek Wolski Zack Kassian 60 1 2 2
2 Kevin Hayes Gabriel Landeskog Victor Oreskovich 40 1 2 2
PowerPlay Defense
Defense Defense Time % Phy DF OF
1 Jason Demers Brendan Smith 60 1 2 2
2 Torey Krug Madison Bowey 40 1 2 2
Penalty Kill 4 Players Forward
Center Wing Time % Phy DF OF
1 Zack Kassian Wojtek Wolski 60 1 2 2
2 Gabriel Landeskog Jonathan Toews 40 1 2 2
Penalty Kill 4 Players Defense
Defense Defense Time % Phy DF OF
1 Jason Demers Brendan Smith 60 1 2 2
2 Torey Krug Madison Bowey 40 1 2 2
Penalty Kill - 3 Players Forward
Forward Time % Phy DF OF
1 Zack Kassian 60 1 2 2
2 Wojtek Wolski 40 1 2 2
Penalty Kill - 3 Players Defense
Defense Defense Time % Phy DF OF
1 Jason Demers Brendan Smith 60 1 2 2
2 Torey Krug Madison Bowey 40 1 2 2
4 vs 4 Forward
Center Wing Time % Phy DF OF
1 Zack Kassian Wojtek Wolski 60 1 2 2
2 Gabriel Landeskog Jonathan Toews 40 1 2 2
4 vs 4 Defense
Defense Defense Time % Phy DF OF
1 Jason Demers Brendan Smith 60 1 2 2
2 Torey Krug Madison Bowey 40 1 2 2
Last Minutes Offensive
Center Left Wing Right Wing Defense Defense
Jonathan Toews Wojtek Wolski Zack Kassian Jason Demers Brendan Smith
Last Minutes Defensive
Center Left Wing Right Wing Defense Defense
Jonathan Toews Wojtek Wolski Zack Kassian Jason Demers Brendan Smith
Goaltenders
Starting : Kevin Poulin
Backup : Keith Kinkaid
Extra Forwards
Normal : Zach Parise, Casey Cizikas, Mikael Backlund - PP : Zach Parise, Casey Cizikas - PK : Mikael Backlund
Extra Defensemen
Normal : Josh Manson, Alex Petrovic, Adam Pelech - PP : Josh Manson - PK : Alex Petrovic, Adam Pelech
Penalty Shots
Zack Kassian, Wojtek Wolski, Gabriel Landeskog, Jonathan Toews, Kevin Hayes
Scratches
Andreas Athanasiou (Healthy)
% Time on Ice - Blue Jackets
Lines # - Real PCT - Wanted PCT - Time Play
Normal Forward
1 - 28% - 33% - 10:13
2 - 27% - 31% - 9:36
3 - 24% - 26% - 8:45
4 - 21% - 10% - 7:32
Normal Defense
1 - 40% - 40% - 14:32
2 - 29% - 30% - 10:22
3 - 23% - 20% - 8:20
4 - 8% - 10% - 2:52
PP Forward
1 - 56% - 60% - 8:53
2 - 44% - 40% - 6:59
PP Defense
1 - 62% - 60% - 9:48
2 - 38% - 40% - 6:04
PK Forward
1 - 75% - 60% - 5:56
2 - 25% - 40% - 2:00
PK Defense
1 - 59% - 60% - 4:39
2 - 41% - 40% - 3:17
PK3 Forward
1 - 0% - 60%
2 - 0% - 40%
PK3 Defense
1 - 0% - 60%
2 - 0% - 40%
44 Forward
1 - 0% - 60%
2 - 0% - 40%
44 Defense
1 - 0% - 60%
2 - 0% - 40%
Last Minute Offensive - 0:06
Last Minute Defensive - 0:00
Total
Forward - 60:00
Defense - 60:00
|
% Time on Ice - Bruins
Lines # - Real PCT - Wanted PCT - Time Play
Normal Forward
1 - 29% - 40% - 10:38
2 - 29% - 30% - 10:26
3 - 28% - 20% - 9:58
4 - 14% - 10% - 5:07
Normal Defense
1 - 38% - 40% - 13:40
2 - 29% - 30% - 10:36
3 - 27% - 20% - 9:44
4 - 6% - 10% - 2:09
PP Forward
1 - 53% - 60% - 4:14
2 - 47% - 40% - 3:42
PP Defense
1 - 59% - 60% - 4:43
2 - 41% - 40% - 3:13
PK Forward
1 - 71% - 60% - 11:14
2 - 29% - 40% - 4:38
PK Defense
1 - 55% - 60% - 8:41
2 - 45% - 40% - 7:11
PK3 Forward
1 - 0% - 60%
2 - 0% - 40%
PK3 Defense
1 - 0% - 60%
2 - 0% - 40%
44 Forward
1 - 0% - 60%
2 - 0% - 40%
44 Defense
1 - 0% - 60%
2 - 0% - 40%
Last Minute Offensive - 0:00
Last Minute Defensive - 0:03
Total
Forward - 60:00
Defense - 60:00
|
Play-by-Play
1st period
0:01 of 1st period - Jonathan Toews wins face-off versus Nicklas Backstrom in neutral zone.
0:16 of 1st period - Snap shot by Jonathan Toews.
0:16 of 1st period - Shot Misses the Net.
0:30 of 1st period - Jason Demers is hit by Travis Hamonic and loses puck.
0:35 of 1st period - Snap shot by Phil Kessel.
0:35 of 1st period - Stopped by Kevin Poulin with a rebound.
0:37 of 1st period - Slapshot by Teuvo Teravainen.
0:37 of 1st period - Stopped by Kevin Poulin with a rebound.
1:15 of 1st period - Jake McCabe is hit by Mikael Backlund and loses puck.
2:43 of 1st period - Off-side.
2:44 of 1st period - Jonathan Toews wins face-off versus Nicklas Backstrom in neutral zone.
2:47 of 1st period - Zack Kassian is hit by Rickard Rakell and loses puck.
3:33 of 1st period - Snap shot by Wojtek Wolski.
3:33 of 1st period - Shot Blocked by William Karlsson.
3:35 of 1st period - Snap shot by Wojtek Wolski.
3:35 of 1st period - Stopped by Cam Talbot with a rebound.
3:37 of 1st period - Snap shot by Jonathan Toews.
3:37 of 1st period - Goal by Jonathan Toews - Blue Jackets : 0 - Bruins : 1.
3:38 of 1st period - Phil Kessel wins face-off versus Kevin Hayes in neutral zone.
3:48 of 1st period - Wrist shot by Sean Monahan.
3:48 of 1st period - Stopped by Kevin Poulin with a rebound.
4:49 of 1st period - Minor Penalty to Mike Richards for Cross-checking.
4:50 of 1st period - Jonathan Toews wins face-off versus William Karlsson in Blue Jackets zone.
4:52 of 1st period - Snap shot by Zack Kassian.
4:52 of 1st period - Stopped by Cam Talbot without a rebound.
4:53 of 1st period - Jonathan Toews wins face-off versus William Karlsson in Blue Jackets zone.
6:49 of 1st period - Penalty to Mike Richards is over, Mike Richards is back on ice.
7:24 of 1st period - Icing by Fabian Brunnstrom.
7:25 of 1st period - Nicklas Backstrom wins face-off versus Mikael Backlund in Blue Jackets zone.
7:48 of 1st period - Sean Monahan is hit by Victor Oreskovich and loses puck.
8:21 of 1st period - Snap shot by Riley Sheahan.
8:21 of 1st period - Stopped by Kevin Poulin with a rebound.
8:56 of 1st period - Wrist shot by Mikko Rantanen.
8:56 of 1st period - Shot Blocked by Kevin Hayes.
10:01 of 1st period - Icing by Torey Krug.
10:02 of 1st period - Phil Kessel wins face-off versus Mikael Backlund in Bruins zone.
10:17 of 1st period - Madison Bowey is hit by Sean Monahan and loses puck.
10:45 of 1st period - Travis Hamonic is hit by Taylor Beck and loses puck.
11:28 of 1st period - Slapshot by Sean Monahan.
11:28 of 1st period - Shot Misses the Net.
11:42 of 1st period - Wrist shot by Mike Richards.
11:42 of 1st period - Deflect By Vince Hinostroza.
11:42 of 1st period - Shot Blocked by Josh Manson.
11:42 of 1st period - Puck is out of play.
11:43 of 1st period - Mike Richards wins face-off versus Kevin Hayes in Bruins zone.
11:58 of 1st period - Minor Penalty to Fabian Brunnstrom for Roughing.
11:59 of 1st period - William Karlsson wins face-off versus Zack Kassian in Blue Jackets zone.
12:38 of 1st period - Gabriel Landeskog is hit by Riley Sheahan and loses puck.
13:38 of 1st period - Icing by Brendan Smith.
13:39 of 1st period - Jonathan Toews wins face-off versus Sean Monahan in Bruins zone.
13:58 of 1st period - Penalty to Fabian Brunnstrom is over, Fabian Brunnstrom is back on ice.
14:04 of 1st period - Snap shot by Zach Parise.
14:04 of 1st period - Stopped by Cam Talbot with a rebound.
14:06 of 1st period - Snap shot by Madison Bowey.
14:06 of 1st period - Shot Misses the Net.
14:08 of 1st period - Wrist shot by Matt Read.
14:08 of 1st period - Stopped by Cam Talbot with a rebound.
14:10 of 1st period - Slapshot by Torey Krug.
14:10 of 1st period - Shot Blocked by Travis Hamonic.
14:12 of 1st period - Slapshot by Madison Bowey.
14:12 of 1st period - Shot Misses the Net.
14:14 of 1st period - Snap shot by Zach Parise.
14:14 of 1st period - Stopped by Cam Talbot without a rebound.
14:15 of 1st period - Rickard Rakell wins face-off versus Casey Cizikas in Blue Jackets zone.
14:52 of 1st period - Wrist shot by Sean Monahan.
14:52 of 1st period - Stopped by Kevin Poulin with a rebound.
14:59 of 1st period - Icing by Teuvo Teravainen.
15:00 of 1st period - Sean Monahan wins face-off versus Kevin Hayes in Blue Jackets zone.
15:13 of 1st period - Snap shot by Victor Oreskovich.
15:13 of 1st period - Shot Misses the Net.
15:15 of 1st period - Slapshot by Gabriel Landeskog.
15:15 of 1st period - Deflect By Victor Oreskovich.
15:15 of 1st period - Shot Blocked by Teuvo Teravainen.
15:15 of 1st period - Puck is out of play.
15:16 of 1st period - William Karlsson wins face-off versus Jonathan Toews in Blue Jackets zone.
15:43 of 1st period - Rickard Rakell is hit by Gabriel Landeskog and loses puck.
16:19 of 1st period - Minor Penalty to Zach Parise for Interference.
16:20 of 1st period - Nicklas Backstrom wins face-off versus Zack Kassian in Bruins zone.
16:48 of 1st period - Snap shot by Mikko Rantanen.
16:48 of 1st period - Shot Misses the Net.
16:50 of 1st period - Snap shot by Sean Monahan.
16:50 of 1st period - Stopped by Kevin Poulin without a rebound.
16:51 of 1st period - Zack Kassian wins face-off versus Sean Monahan in Bruins zone.
17:50 of 1st period - Teuvo Teravainen is hit by Torey Krug and loses puck.
18:19 of 1st period - Penalty to Zach Parise is over, Zach Parise is back on ice.
18:31 of 1st period - Snap shot by Fabian Brunnstrom.
18:31 of 1st period - Deflect By Mike Richards.
18:31 of 1st period - Shot Blocked by Brendan Smith.
18:31 of 1st period - Puck is out of play.
18:32 of 1st period - Matt Read wins face-off versus Mike Richards in Bruins zone.
19:13 of 1st period - Wrist shot by Jason Zucker.
19:13 of 1st period - Shot Misses the Net.
19:22 of 1st period - Off-side.
19:23 of 1st period - Sean Monahan wins face-off versus Jonathan Toews in neutral zone.
19:28 of 1st period - Slapshot by Travis Hamonic.
19:28 of 1st period - Stopped by Kevin Poulin with a rebound.
19:32 of 1st period - Snap shot by Sean Monahan.
19:32 of 1st period - Stopped by Kevin Poulin with a rebound.
19:38 of 1st period - Slapshot by Sean Monahan.
19:38 of 1st period - Shot Misses the Net.
19:54 of 1st period - Snap shot by Riley Sheahan.
19:54 of 1st period - Shot Misses the Net.
Goals for this period are 0 for Blue Jackets vs 1 for Bruins.
Shots for this period are 8 for Blue Jackets vs 6 for Bruins.
2nd period
0:01 of 2nd period - Jonathan Toews wins face-off versus Nicklas Backstrom in neutral zone.
0:03 of 2nd period - Off-side.
0:04 of 2nd period - Mikko Rantanen wins face-off versus Jonathan Toews in neutral zone.
0:39 of 2nd period - Sean Monahan is hit by Victor Oreskovich and loses puck.
1:57 of 2nd period - Wrist shot by Nicklas Backstrom.
1:57 of 2nd period - Shot Blocked by Torey Krug.
2:23 of 2nd period - Zach Parise is hit by William Karlsson and loses puck.
2:32 of 2nd period - Shea Theodore is hit by Matt Read and loses puck.
2:51 of 2nd period - Snap shot by Phil Kessel.
2:51 of 2nd period - Shot Misses the Net.
2:53 of 2nd period - Slapshot by Teuvo Teravainen.
2:53 of 2nd period - Shot Misses the Net.
2:55 of 2nd period - Snap shot by Phil Kessel.
2:55 of 2nd period - Shot Misses the Net.
4:00 of 2nd period - Off-side.
4:01 of 2nd period - Mikael Backlund wins face-off versus William Karlsson in neutral zone.
4:18 of 2nd period - Off-side.
4:19 of 2nd period - Jonathan Toews wins face-off versus Nicklas Backstrom in neutral zone.
4:22 of 2nd period - Wrist shot by Wojtek Wolski.
4:22 of 2nd period - Shot Misses the Net.
4:30 of 2nd period - Snap shot by Mikko Rantanen.
4:30 of 2nd period - Stopped by Kevin Poulin without a rebound.
4:31 of 2nd period - Jonathan Toews wins face-off versus Nicklas Backstrom in Bruins zone.
4:42 of 2nd period - Slapshot by Mikko Rantanen.
4:42 of 2nd period - Shot Blocked by Zack Kassian.
4:56 of 2nd period - Kevin Hayes is hit by Teuvo Teravainen and loses puck.
5:07 of 2nd period - Phil Kessel is hit by Gabriel Landeskog and loses puck.
5:25 of 2nd period - Minor Penalty to Victor Oreskovich for Roughing.
5:26 of 2nd period - Nicklas Backstrom wins face-off versus Zack Kassian in Bruins zone.
5:31 of 2nd period - Slapshot by Nicklas Backstrom.
5:31 of 2nd period - Shot Blocked by Wojtek Wolski.
5:33 of 2nd period - Slapshot by Travis Hamonic.
5:33 of 2nd period - Stopped by Kevin Poulin without a rebound.
5:34 of 2nd period - Nicklas Backstrom wins face-off versus Zack Kassian in Bruins zone.
5:59 of 2nd period - Wrist shot by Jason Zucker.
5:59 of 2nd period - Shot Hit the Post.
6:01 of 2nd period - Slapshot by Travis Hamonic.
6:01 of 2nd period - Shot Misses the Net.
6:05 of 2nd period - Snap shot by Sean Monahan.
6:05 of 2nd period - Shot Misses the Net.
7:25 of 2nd period - Penalty to Victor Oreskovich is over, Victor Oreskovich is back on ice.
8:58 of 2nd period - Icing by Jason Demers.
8:59 of 2nd period - Gabriel Landeskog wins face-off versus Mike Richards in Bruins zone.
9:19 of 2nd period - Jason Demers is hit by Colton Parayko and loses puck.
9:26 of 2nd period - Slapshot by Zach Parise.
9:26 of 2nd period - Shot Misses the Net.
9:28 of 2nd period - Slapshot by Brendan Smith.
9:28 of 2nd period - Deflect By Casey Cizikas.
9:28 of 2nd period - Stopped by Cam Talbot with a rebound.
9:30 of 2nd period - Snap shot by Zach Parise.
9:30 of 2nd period - Shot Blocked by Travis Hamonic.
9:32 of 2nd period - Slapshot by Zach Parise.
9:32 of 2nd period - Shot Misses the Net.
9:46 of 2nd period - Slapshot by Wojtek Wolski.
9:46 of 2nd period - Stopped by Cam Talbot without a rebound.
9:47 of 2nd period - Nicklas Backstrom wins face-off versus Jonathan Toews in Blue Jackets zone.
9:49 of 2nd period - Minor Penalty to Jake McCabe for Roughing.
9:50 of 2nd period - William Karlsson wins face-off versus Jonathan Toews in Blue Jackets zone.
11:33 of 2nd period - Ben Chiarot is hit by Jonathan Toews and loses puck.
11:49 of 2nd period - Penalty to Jake McCabe is over, Jake McCabe is back on ice.
12:05 of 2nd period - Rickard Rakell is hit by Jason Demers and loses puck.
12:50 of 2nd period - Mike Richards is hit by Gabriel Landeskog and loses puck.
13:27 of 2nd period - Madison Bowey is hit by Rickard Rakell.
13:41 of 2nd period - Snap shot by Mike Richards.
13:41 of 2nd period - Stopped by Kevin Poulin with a rebound.
14:05 of 2nd period - Zack Kassian is hit by William Karlsson and loses puck.
14:22 of 2nd period - Matt Read is hit by Nicklas Backstrom and loses puck.
14:41 of 2nd period - Kevin Hayes is hit by Sean Monahan and loses puck.
14:48 of 2nd period - Snap shot by Sean Monahan.
14:48 of 2nd period - Goal by Sean Monahan - Blue Jackets : 1 - Bruins : 1.
14:49 of 2nd period - Jonathan Toews wins face-off versus Nicklas Backstrom in neutral zone.
14:52 of 2nd period - Snap shot by Torey Krug.
14:52 of 2nd period - Deflect By Mikko Rantanen.
14:52 of 2nd period - Stopped by Cam Talbot with a rebound.
15:10 of 2nd period - Minor Penalty to Zack Kassian for Hooking.
15:11 of 2nd period - Nicklas Backstrom wins face-off versus Mikael Backlund in Bruins zone.
15:12 of 2nd period - Wrist shot by Teuvo Teravainen.
15:12 of 2nd period - Stopped by Kevin Poulin with a rebound.
15:22 of 2nd period - Slapshot by Colton Parayko.
15:22 of 2nd period - Stopped by Kevin Poulin with a rebound.
15:24 of 2nd period - Slapshot by Colton Parayko.
15:24 of 2nd period - Stopped by Kevin Poulin without a rebound.
15:25 of 2nd period - Nicklas Backstrom wins face-off versus Mikael Backlund in Bruins zone.
15:30 of 2nd period - Snap shot by Nicklas Backstrom.
15:30 of 2nd period - Stopped by Kevin Poulin with a rebound.
15:32 of 2nd period - Snap shot by Phil Kessel.
15:32 of 2nd period - Shot Misses the Net.
15:34 of 2nd period - Wrist shot by Phil Kessel.
15:34 of 2nd period - Stopped by Kevin Poulin with a rebound.
15:36 of 2nd period - Slapshot by Colton Parayko.
15:36 of 2nd period - Shot Blocked by Jason Demers.
15:38 of 2nd period - Wrist shot by Nicklas Backstrom.
15:38 of 2nd period - Stopped by Kevin Poulin with a rebound.
15:40 of 2nd period - Slapshot by Colton Parayko.
15:40 of 2nd period - Deflect By Jason Demers.
15:40 of 2nd period - Stopped by Kevin Poulin with a rebound.
15:42 of 2nd period - Slapshot by Colton Parayko.
15:42 of 2nd period - Deflect By Jason Demers.
15:42 of 2nd period - Stopped by Kevin Poulin with a rebound.
15:52 of 2nd period - Sean Monahan is hit by Wojtek Wolski and loses puck.
16:32 of 2nd period - Casey Cizikas is hit by Teuvo Teravainen and loses puck.
17:10 of 2nd period - Penalty to Zack Kassian is over, Zack Kassian is back on ice.
17:35 of 2nd period - Zack Kassian is hit by Shea Theodore and loses puck.
18:16 of 2nd period - Wrist shot by Zach Parise.
18:16 of 2nd period - Stopped by Cam Talbot without a rebound.
18:17 of 2nd period - Mike Richards wins face-off versus Casey Cizikas in Blue Jackets zone.
18:35 of 2nd period - Minor Penalty to Jonathan Toews for Goalie Interference.
18:36 of 2nd period - Zack Kassian wins face-off versus Teuvo Teravainen in Bruins zone.
Goals for this period are 1 for Blue Jackets vs 0 for Bruins.
Shots for this period are 12 for Blue Jackets vs 4 for Bruins.
3rd period
0:01 of 3rd period - Nicklas Backstrom wins face-off versus Zack Kassian in neutral zone.
0:06 of 3rd period - Wrist shot by Phil Kessel.
0:06 of 3rd period - Stopped by Kevin Poulin with a rebound.
0:08 of 3rd period - Wrist shot by Nicklas Backstrom.
0:08 of 3rd period - Shot Misses the Net.
0:10 of 3rd period - Slapshot by Colton Parayko.
0:10 of 3rd period - Stopped by Kevin Poulin without a rebound.
0:11 of 3rd period - Nicklas Backstrom wins face-off versus Zack Kassian in Bruins zone.
0:35 of 3rd period - Penalty to Jonathan Toews is over, Jonathan Toews is back on ice.
0:49 of 3rd period - Slapshot by Jonathan Toews.
0:49 of 3rd period - Shot Misses the Net.
0:51 of 3rd period - Wrist shot by Madison Bowey.
0:51 of 3rd period - Deflect By Wojtek Wolski.
0:51 of 3rd period - Stopped by Cam Talbot without a rebound.
0:52 of 3rd period - Kevin Hayes wins face-off versus Nicklas Backstrom in Blue Jackets zone.
1:26 of 3rd period - Bryce Lampman is hit by Torey Krug and loses puck.
1:41 of 3rd period - Backhand shot by Jonathan Toews.
1:41 of 3rd period - Stopped by Cam Talbot without a rebound.
1:42 of 3rd period - Jonathan Toews wins face-off versus William Karlsson in Blue Jackets zone.
2:23 of 3rd period - Minor Penalty to Travis Hamonic for Tripping.
2:24 of 3rd period - Kevin Hayes wins face-off versus William Karlsson in Blue Jackets zone.
4:23 of 3rd period - Penalty to Travis Hamonic is over, Travis Hamonic is back on ice.
5:36 of 3rd period - Minor Penalty to Brendan Smith for Hooking.
5:37 of 3rd period - Zack Kassian wins face-off versus Nicklas Backstrom in Bruins zone.
7:33 of 3rd period - Zack Kassian is hit by Travis Hamonic and loses puck.
7:36 of 3rd period - Penalty to Brendan Smith is over, Brendan Smith is back on ice.
7:44 of 3rd period - Adam Pelech is hit by Mike Richards and loses puck.
7:53 of 3rd period - Fabian Brunnstrom is hit by Wojtek Wolski and loses puck.
8:14 of 3rd period - Snap shot by Zach Parise.
8:14 of 3rd period - Shot Blocked by Bryce Lampman.
8:18 of 3rd period - Snap shot by Matt Read.
8:18 of 3rd period - Stopped by Cam Talbot without a rebound.
8:19 of 3rd period - Nicklas Backstrom wins face-off versus Kevin Hayes in Blue Jackets zone.
8:19 of 3rd period - Nicklas Backstrom is hit by Victor Oreskovich.
8:24 of 3rd period - Minor Penalty to Gabriel Landeskog for Tripping.
8:25 of 3rd period - Mikael Backlund wins face-off versus Nicklas Backstrom in Bruins zone.
8:39 of 3rd period - Slapshot by Travis Hamonic.
8:39 of 3rd period - Stopped by Kevin Poulin with a rebound.
9:27 of 3rd period - Brendan Smith is hit by Teuvo Teravainen and loses puck.
10:24 of 3rd period - Penalty to Gabriel Landeskog is over, Gabriel Landeskog is back on ice.
10:39 of 3rd period - Alex Petrovic is hit by Colton Parayko and loses puck.
10:44 of 3rd period - Wrist shot by Mike Richards.
10:44 of 3rd period - Shot Misses the Net.
10:46 of 3rd period - Snap shot by Vince Hinostroza.
10:46 of 3rd period - Shot Misses the Net.
10:58 of 3rd period - William Karlsson is hit by Alex Petrovic.
11:36 of 3rd period - Icing by Ben Chiarot.
11:37 of 3rd period - Casey Cizikas wins face-off versus Mike Richards in Blue Jackets zone.
11:46 of 3rd period - Matt Read is hit by Mike Richards and loses puck.
12:05 of 3rd period - Off-side.
12:06 of 3rd period - Nicklas Backstrom wins face-off versus Kevin Hayes in neutral zone.
12:08 of 3rd period - Off-side.
12:09 of 3rd period - Nicklas Backstrom wins face-off versus Jonathan Toews in neutral zone.
12:12 of 3rd period - Snap shot by Rickard Rakell.
12:12 of 3rd period - Stopped by Kevin Poulin without a rebound.
12:13 of 3rd period - Jonathan Toews wins face-off versus Nicklas Backstrom in Bruins zone.
12:26 of 3rd period - Slapshot by Jonathan Toews.
12:26 of 3rd period - Stopped by Cam Talbot with a rebound.
12:38 of 3rd period - Snap shot by Jonathan Toews.
12:38 of 3rd period - Shot Misses the Net.
12:40 of 3rd period - Wrist shot by Zack Kassian.
12:40 of 3rd period - Shot Blocked by Travis Hamonic.
12:44 of 3rd period - Wrist shot by Jonathan Toews.
12:44 of 3rd period - Goal by Jonathan Toews - Blue Jackets : 1 - Bruins : 2.
12:45 of 3rd period - Sean Monahan wins face-off versus Jonathan Toews in neutral zone.
12:54 of 3rd period - Slapshot by Zack Kassian.
12:54 of 3rd period - Shot Blocked by Colton Parayko.
12:56 of 3rd period - Wrist shot by Brendan Smith.
12:56 of 3rd period - Stopped by Cam Talbot without a rebound.
12:57 of 3rd period - Nicklas Backstrom wins face-off versus Jonathan Toews in Blue Jackets zone.
12:59 of 3rd period - Icing by Rickard Rakell.
13:00 of 3rd period - Jonathan Toews wins face-off versus Mikko Rantanen in Blue Jackets zone.
14:00 of 3rd period - Wrist shot by Matt Read.
14:00 of 3rd period - Stopped by Cam Talbot with a rebound.
14:12 of 3rd period - Snap shot by Mikko Rantanen.
14:12 of 3rd period - Shot Blocked by Madison Bowey.
14:28 of 3rd period - Vince Hinostroza is hit by Gabriel Landeskog and loses puck.
14:45 of 3rd period - Minor Penalty to Mikael Backlund for High sticking.
14:46 of 3rd period - Nicklas Backstrom wins face-off versus Zack Kassian in Bruins zone.
15:00 of 3rd period - Snap shot by Teuvo Teravainen.
15:00 of 3rd period - Shot Misses the Net.
15:02 of 3rd period - Slapshot by Travis Hamonic.
15:02 of 3rd period - Stopped by Kevin Poulin with a rebound.
15:20 of 3rd period - Wrist shot by Colton Parayko.
15:20 of 3rd period - Stopped by Kevin Poulin with a rebound.
15:22 of 3rd period - Snap shot by Travis Hamonic.
15:22 of 3rd period - Stopped by Kevin Poulin without a rebound.
15:23 of 3rd period - Gabriel Landeskog wins face-off versus Phil Kessel in Bruins zone.
15:36 of 3rd period - Snap shot by Teuvo Teravainen.
15:36 of 3rd period - Shot Misses the Net.
15:38 of 3rd period - Snap shot by Phil Kessel.
15:38 of 3rd period - Deflect By Nicklas Backstrom.
15:38 of 3rd period - Shot Misses the Net.
15:38 of 3rd period - Puck is out of play.
15:39 of 3rd period - Nicklas Backstrom wins face-off versus Zack Kassian in Bruins zone.
16:04 of 3rd period - Jason Demers is hit by Travis Hamonic and loses puck.
16:45 of 3rd period - Penalty to Mikael Backlund is over, Mikael Backlund is back on ice.
16:58 of 3rd period - Wrist shot by Casey Cizikas.
16:58 of 3rd period - Stopped by Cam Talbot with a rebound.
17:00 of 3rd period - Slapshot by Matt Read.
17:00 of 3rd period - Shot Misses the Net.
17:02 of 3rd period - Slapshot by Josh Manson.
17:02 of 3rd period - Stopped by Cam Talbot without a rebound.
17:03 of 3rd period - Mike Richards wins face-off versus Kevin Hayes in Blue Jackets zone.
17:08 of 3rd period - Slapshot by Colton Parayko.
17:08 of 3rd period - Stopped by Kevin Poulin with a rebound.
17:10 of 3rd period - Snap shot by Travis Hamonic.
17:10 of 3rd period - Deflect By Mike Richards.
17:10 of 3rd period - Shot Blocked by Gabriel Landeskog.
17:10 of 3rd period - Puck is out of play.
17:11 of 3rd period - Kevin Hayes wins face-off versus Fabian Brunnstrom in Bruins zone.
17:36 of 3rd period - Matt Read is hit by Rickard Rakell and loses puck.
17:46 of 3rd period - Minor Penalty to Matt Read for Roughing.
17:47 of 3rd period - Nicklas Backstrom wins face-off versus Zack Kassian in Bruins zone.
18:01 of 3rd period - Wrist shot by Nicklas Backstrom.
18:01 of 3rd period - Shot Misses the Net.
18:21 of 3rd period - Slapshot by Colton Parayko.
18:21 of 3rd period - Shot Blocked by Madison Bowey.
18:25 of 3rd period - Slapshot by Sean Monahan.
18:25 of 3rd period - Stopped by Kevin Poulin with a rebound.
18:27 of 3rd period - Slapshot by Colton Parayko.
18:27 of 3rd period - Stopped by Kevin Poulin with a rebound.
18:53 of 3rd period - Torey Krug is hit by Teuvo Teravainen and loses puck.
19:46 of 3rd period - Penalty to Matt Read is over, Matt Read is back on ice.
Goals for this period are 0 for Blue Jackets vs 1 for Bruins.
Shots for this period are 10 for Blue Jackets vs 9 for Bruins.